 Dungeon Crawl Stone Soup version 0.29.1-2-gbd0b4ee654 (webtiles) character file.

Game seed: 16972419775797982285

18 GorkyZ the Magician (level 2, -1/20 HPs)
             Began as a Palentonga Hedge Wizard on Nov 18, 2022.
             Slain by a ball python (3 damage)
             ... on level 2 of the Dungeon.
             The game lasted 00:03:51 (1128 turns).

GorkyZ the Magician (Palentonga Hedge Wizard)       Turns: 1128, Time: 00:03:51

Health: -1/20      AC:  4    Str: 15    XL:     2   Next: 48%
Magic:  3/6        EV:  9    Int: 14    God:
Gold:   22         SH:  0    Dex:  9    Spells: 6/7 levels left

rFire   . . .      SeeInvis +   a - +0 dagger
rCold   . . .      Faith    .   (no shield)
rNeg    . . .      Spirit   .   b - +0 robe
rPois   .          Reflect  .   c - +0 hat
rElec   .          Harm     .   (no cloak)
rCorr   .          Rampage  .   (no gloves)
Will    .....                   (no barding)
Stlth   +.........              (no amulet)
HPRegen 0.06/turn               (no ring)
MPRegen 0.10/turn               (no ring)

@: no status effects
A: large, rugged brown scales 3, see invisible, deformed body, roll 1, armoured
tail
a: Rolling Charge


You were on level 2 of the Dungeon.
You visited 1 branch of the dungeon, and saw 2 of its levels.

You collected 22 gold pieces.

Inventory:

Hand Weapons
 a - a +0 dagger (weapon)
Armour
 b - a +0 robe (worn)
 c - a +0 hat (worn)
Scrolls
 e - 3 scrolls of identify {unknown}
 f - a scroll of teleportation {unknown}
Potions
 d - a potion of magic


   Skills:
 + Level 1.7 Dodging
 - Level 1.2 Stealth
 + Level 3.0 Spellcasting
 + Level 1.2 Conjurations
 + Level 1.0 Summonings
 + Level 1.3 Translocations
 + Level 0.2 Air Magic
 + Level 0.4 Poison Magic


You had 6 spell levels left.
You knew the following spells:

 Your Spells              Type           Power      Damage    Failure   Level
a - Magic Dart            Conj           20%        1d4       13%         1

Your spell library contained the following spells:

 Spells                   Type           Power      Damage    Failure   Level
 Blink                    Tloc           10%        N/A       19%         2
 Call Imp                 Summ           5%         N/A       21%         2
 Slow                     Hex            8%         N/A       22%         1
 Conjure Flame            Conj/Fire      3%         6-21      45%         3
 Mephitic Cloud           Conj/Pois/Air  3%         N/A       45%         3


Dungeon Overview and Level Annotations

Branches:
Dungeon (1/15)

Altars:


Innate Abilities, Weirdness & Mutations

You are completely covered in rugged brown scales. (AC +3, +7% HP)
You have supernaturally acute eyesight. (SInv)
Armour fits poorly on your strangely shaped body.
You can roll at nearby foes to attack.
You have a long armoured tail.


Message History

You hit the worm but do no damage.
The worm is heavily wounded.
You hit the worm but do no damage.
The worm is heavily wounded.
The worm bites you.
You completely miss the worm.
Your tail-slap misses the worm.
The worm is heavily wounded.
You barely miss the worm. You tail-slap the worm.
The worm is heavily wounded.
The worm bites you.
* * * LOW HITPOINT WARNING * * *
You hit the worm but do no damage.
The worm is heavily wounded.
The worm bites you.
* * * LOW HITPOINT WARNING * * *
Found 11 gold pieces.
Found a glowing emerald potion.
You are too injured to fight recklessly!
You are too injured to fight recklessly!
Aiming: Magic Dart (safe; 13% risk of failure)
Press: ? - help, Q - select action, (/) - cycle Shift-Dir - straight line, f/p - worm
Aim: a worm (moderately wounded, 100% to hit)
The magic dart hits the worm.
The worm is heavily wounded.
A ball python comes into view.
You see here a glowing emerald potion.
You start resting.
A worm is nearby!
Aiming: Magic Dart (safe; 13% risk of failure)
Press: ? - help, Q - select action, (/) - cycle Shift-Dir - straight line, f/p - worm
Aim: a worm (100% to hit)
The magic dart hits the worm.
The worm is lightly wounded.
The ball python hisses angrily.
The ball python bites you.
* * * LOW HITPOINT WARNING * * *
The ball python bites you.
* * * LOW HITPOINT WARNING * * *
The ball python bites you.
You die...

##...## #. #.. ...# ..
##.## #.##.###..##....
#######.#
#...............
#.......# #........#####.
#.####### #.##.###.# #.#
#.##.###w# #.# #.#.#.##.#
#.# #.##.###.# #.####
#@##!###.# #.##.##
#.S....w.#
##.#...###########...####
+.......................+
##.#...##########....####
#.##.## #.#$.##
#........# ##.###
#..?.....# #. ..........#
#.


You could see a worm and a ball python.

Vanquished Creatures
  2 bats (D:2)
  A giant cockroach (D:1)
  2 goblins
  4 hobgoblins (D:2)
  A kobold (D:2)
  A quokka (D:2)
  A ball python (D:2)
  3 rats
15 creatures vanquished.

Notes
Turn   | Place    | Note
-------+----------+-------------------------------------------
     0 | D:1      | GorkyZ the Palentonga Hedge Wizard began the quest for the
                  | Orb.
     0 | D:1      | Reached XP level 1. HP: 13/13 MP: 4/4
    72 | D:1      | Reached skill level 1 in Conjurations
   235 | D:1      | You fall into a shaft and drop 1 floor!
   427 | D:2      | Reached skill level 1 in Summonings
   427 | D:2      | Reached XP level 2. HP: 17/20 MP: 1/6
  1128 | D:2      | Slain by a ball python

Illustrated notes

Levels and vault maps discovered:
D:1:      dpeg_arrival_prison, layout_loops_ring,
          shapermc_ecumenical_altar_venn, minmay_pentomino_x2
D:2:      layout_loops_corners, dk_noncrumbling_3, moated_statue

Skill      XL: |  1 |
---------------+----+-----
Conjurations   | 1 |  1.2
Summonings     | 1 |  1.0
Dodging        | |  1.7
Stealth        | |  1.2
Spellcasting   | |  3.0
Translocations | |  1.3
Air Magic      | |  0.2
Poison Magic   | |  0.4

Action                   || total
-------------------------++-------
Melee: Dagger            ||    41
       Tailslap          ||     4
 Cast: Magic Dart        ||    40
Armor: Robe              ||    15
Dodge: Dodged            ||    30
